Map: Ephemeron LE

Players

Baker - Winner!

  • Race: Terran Terran
  • League: Silver
  • Spawn Location: 5:00

Throwfordays

  • Race: Zerg Zerg
  • League: Silver
  • Spawn Location: 11:00

VOD

Have the link to the VOD?

Description

Time

  • Played on: Aug. 23, 2019, 12:25 a.m.
  • Length: 17:47
Show
View Real Time Build Order
Export as new Build Order

Baker Terran - Winner!

Build Orders: Command Center First (CC) 

Get SALT Encoding   

  12  0:10  SCV  
  13  0:22  SCV  
  14  0:32  Supply Depot  
  14  0:34  SCV  
  15  0:54  SCV  
  16  1:00  Command Center  
  16  1:06  SCV  
  17  1:18  SCV  
  18  1:27  Barracks  
  18  1:28  Refinery  
  18  1:30  SCV  
  19  1:42  SCV  
  20  1:54  SCV  
  21  2:14  Orbital Command  
  21  2:17  Orbital Command  
  21  2:18  Reaper  
  22  2:33  Bunker  
  22  2:43  Bunker  
  21  2:48  SCV x2  
  23  2:57  Barracks Tech Lab  
  23  2:59  Supply Depot  
  23  3:00  SCV  
  23  3:01  SCV  
  23  3:03  Refinery  
  25  3:12  SCV, Factory  
  26  3:13  Refinery, SCV  
  26  3:15  Refinery  
  27  3:20  Barracks  
  27  3:24  SCV  
  27  3:25  SCV  
  29  3:37  SCV x2  
  31  3:45  Combat Shield  
  31  3:49  SCV x2  
  31  3:54  Factory  
  33  4:01  SCV x2  
  33  4:02  Supply Depot  
  35  4:09  Armory  
  35  4:14  Armory  
  35  4:15  SCV  
  36  4:22  Factory Tech Lab  
  36  4:24  Barracks Reactor  
  36  4:25  Supply Depot  
  36  4:30  SCV  
  36  4:31  SCV  
  38  4:42  SCV  
  38  4:43  SCV, Factory Reactor  
  38  4:45  Siege Tank  
  43  4:54  SCV  
  43  4:55  SCV, Engineering Bay  
  43  4:59  Drilling Claws  
  45  5:04  Stimpack  
  45  5:05  Marine x2  
  45  5:06  Marine  
  48  5:08  Terran Vehicle Weapons Level 1  
  48  5:11  Terran Vehicle And Ship Armor Level 1  
  48  5:12  SCV  
  49  5:24  Hellion  
  49  5:25  Hellion  
  49  5:26  Hellion  
  55  5:34  Starport  
  55  5:36  Terran Infantry Weapons Level 1  
  55  5:42  Engineering Bay  
  55  5:43  Supply Depot  
  55  5:46  SCV x2  
  57  5:50  Hellion  
  57  5:54  Hellion  
  61  6:02  SCV  
  62  6:05  SCV, Hellion  
  62  6:10  Terran Infantry Armor Level 1  
  65  6:11  Liberator  
  65  6:12  Starport  
  65  6:15  Hellion  
  65  6:18  Infernal Pre-Igniter  
  70  6:35  Supply Depot  
  70  6:39  Hellion x6  
  70  6:56  Hellion  
  70  7:03  Widow Mine x2  
  74  7:17  Widow Mine  
  74  7:22  Hellion x4  
  76  7:24  Widow Mine  
  76  7:27  Widow Mine  
  73  7:39  Widow Mine  
  75  7:45  Hellion  
  77  7:53  Supply Depot  
  77  7:54  Supply Depot  
  77  7:55  Supply Depot x2  
  77  7:56  Supply Depot x2  
  77  7:57  Supply Depot  
  77  7:59  Starport Reactor, Starport Tech Lab  
  77  8:15  Hellion x3  
  83  8:22  Command Center  
  83  8:26  Refinery  
  83  8:37  Hellion x3  
  83  8:38  Refinery  
  89  8:42  Medivac x2  
  89  8:44  Liberator  
  89  8:47  Smart Servos  
  96  8:48  Terran Infantry Weapons Level 2  
  96  8:51  Terran Vehicle Weapons Level 2  
  96  8:52  Terran Vehicle And Ship Armor Level 2  
  96  8:55  Terran Infantry Armor Level 2  
  96  8:58  Hellion x3  
  102  9:20  Hellion x2  
  90  9:36  Siege Tank  
  91  9:39  Planetary Fortress  
  91  9:41  Widow Mine x2  
  95  9:48  SCV x2  
  85  10:00  SCV x2  
  85  10:02  Widow Mine x2  
  91  10:08  Siege Tank  
  91  10:12  SCV  
  91  10:24  Widow Mine x2  
  84  10:47  Siege Tank  
  84  10:48  Widow Mine x2  
  89  11:06  Factory x3  
  89  11:07  Liberator  
  89  11:09  Liberator x2  
  89  11:10  Widow Mine x2  
  102  11:19  Siege Tank  
  102  11:20  SCV  
  102  11:22  SCV x2  
  108  11:31  Widow Mine x2  
  112  11:33  SCV  
  112  11:34  SCV x2  
  115  11:45  SCV  
  115  11:46  SCV x2  
  118  11:51  Siege Tank  
  118  11:52  Widow Mine  
  118  11:53  Widow Mine  
  125  11:57  SCV  
  125  11:58  SCV x2, Command Center  
  116  12:14  Widow Mine x2  
  111  12:23  Siege Tank  
  105  12:35  Widow Mine x2  
  105  12:51  Factory Tech Lab x3  
  105  12:55  Siege Tank  
  108  13:00  Barracks  
  108  13:01  Barracks  
  108  13:03  Barracks  
  108  13:11  Refinery  
  108  13:12  Planetary Fortress  
  108  13:16  Hi-Sec Auto Tracking  
  108  13:17  Neosteel Armor  
  108  13:18  Terran Vehicle Weapons Level 3  
  108  13:19  Terran Vehicle And Ship Armor Level 3  
  108  13:21  Liberator x2  
  108  13:22  Liberator  
  117  13:27  Refinery, Siege Tank x3  
  126  13:50  Siege Tank  
  126  13:53  Supply Depot  
  126  13:55  Supply Depot  
  129  14:03  Liberator  
  129  14:04  Liberator  
  129  14:06  Barracks Tech Lab x3  
  135  14:16  Supply Depot  
  135  14:18  Supply Depot  
  135  14:23  Siege Tank x2  
  135  14:24  Siege Tank x2  
  144  14:25  Sensor Tower  
  147  14:39  Supply Depot  
  147  14:42  Supply Depot  
  147  14:43  Command Center  
  147  14:45  Refinery  
  147  14:50  Refinery  
  147  14:55  Siege Tank  
  147  14:56  Siege Tank  
  153  15:00  Siege Tank x2  
  153  15:03  Supply Depot, Terran Infantry Weapons Level 3  
  159  15:07  Marine  
  159  15:08  Marine x4  
  164  15:25  Marine x2  
  164  15:26  Marine x3  
  164  15:27  Siege Tank  
  172  15:43  Marine x5  
  177  16:01  Marine x5  
  149  16:19  Marine x3  
  149  16:23  Siege Tank x4  
  164  16:53  Marine x5  
  169  16:55  Siege Tank x4  
  181  17:10  Marine  
  181  17:11  Marine x4  
  183  17:28  Marine  
Show
View Real Time Build Order
Export as new Build Order

Throwfordays Zerg 

Build Orders: Hatch First 

Get SALT Encoding   

  12  0:01  Drone  
  13  0:09  Drone  
  14  0:16  Overlord  
  14  0:35  Drone  
  14  0:36  Drone  
  16  0:49  Hatchery  
  15  0:52  Drone  
  16  1:02  Drone x2  
  18  1:06  Extractor  
  18  1:09  Extractor  
  18  1:10  Drone  
  17  1:23  Spawning Pool  
  16  1:25  Drone  
  16  1:32  Drone  
  18  1:41  Drone  
  19  1:51  Overlord  
  19  2:01  Drone  
  20  2:10  Queen  
  20  2:11  Zergling x2  
  23  2:15  Queen  
  23  2:16  Drone  
  23  2:19  Zergling x2  
  27  2:24  Drone  
  27  2:28  Overlord  
  28  2:39  Drone  
  29  2:50  Drone x2  
  31  2:53  Drone  
  31  2:55  Drone  
  31  2:58  Drone  
  34  3:03  Metabolic Boost  
  34  3:06  Lair  
  34  3:07  Zergling x2  
  34  3:10  Drone  
  36  3:21  Drone  
  36  3:24  Overlord x2  
  36  3:26  Zergling x4  
  39  3:27  Drone  
  39  3:28  Drone x2  
  42  3:43  Drone  
  42  3:47  Hatchery  
  42  3:49  Zergling x4  
  42  3:51  Drone  
  45  3:56  Drone  
  45  4:01  Drone x3  
  45  4:02  Drone  
  50  4:10  Nydus Network  
  50  4:13  Evolution Chamber  
  48  4:18  Zergling x2  
  48  4:21  Queen  
  51  4:26  Drone x3  
  51  4:30  Zergling x2  
  55  4:32  Drone  
  55  4:34  Drone x4  
  55  4:36  Overlord  
  60  4:39  Extractor  
  60  4:41  Extractor  
  58  4:50  Overseer  
  58  4:55  Zergling x2  
  58  4:59  Queen  
  61  5:01  Queen  
  61  5:06  Drone  
  64  5:09  Drone x3  
  64  5:12  Queen  
  64  5:13  Drone x2  
  71  5:15  Overlord  
  71  5:16  Overlord x2  
  71  5:21  Hydralisk Den  
  71  5:25  Roach Warren  
  69  5:30  Zerg Missile Weapons Level 1  
  69  5:33  Baneling Nest  
  68  5:58  Hydralisk x2  
  68  5:59  Hydralisk x2  
  68  6:01  Hydralisk x5  
  86  6:09  Grooved Spines  
  86  6:12  Glial Reconstitution  
  86  6:16  Drone x3  
  89  6:37  Nydus Canal  
  89  6:41  Hydralisk x4  
  89  6:44  Overlord x2  
  89  6:46  Overlord  
  89  6:47  Overlord  
  90  7:07  Nydus Canal  
  61  7:40  Roach x3  
  61  7:42  Roach x4  
  61  7:43  Roach x3  
  81  7:49  Queen  
  83  7:53  Drone x2  
  83  7:54  Drone x3  
  88  8:11  Roach x2  
  92  8:25  Roach x6  
  104  8:40  Roach x3  
  110  8:42  Roach x2  
  110  8:43  Roach x2  
  118  8:49  Zerg Missile Weapons Level 2  
  118  8:53  Roach x2  
  122  8:57  Hydralisk x3  
  128  9:02  Overlord  
  128  9:03  Overlord x2  
  115  9:26  Drone x2  
  116  9:33  Ravager x4  
  116  9:34  Ravager x8  
  116  9:35  Ravager x3  
  131  9:39  Drone x4  
  100  10:47  Roach x3  
  100  10:48  Queen  
  108  10:52  Roach x3  
  108  10:53  Roach x2  
  108  10:55  Roach x2  
  108  10:56  Roach x4  
  130  10:59  Extractor  
  130  11:00  Extractor  
  128  11:22  Roach x5  
  128  11:25  Ravager x7  
  143  11:26  Ravager x3  
  148  11:35  Hatchery  
  147  11:50  Drone x4  
  147  11:51  Drone x2  
  87  12:46  Roach  
  87  12:47  Roach x2  
  93  12:51  Drone  
  93  12:52  Drone x4  
  93  12:57  Roach x6  
  110  13:07  Zerg Ground Armor Level 1  
  110  13:10  Roach  
  110  13:11  Roach  
  114  13:15  Overseer  
  114  13:16  Overseer x2  
  114  13:28  Drone  
  114  13:29  Drone x2  
  114  13:30  Drone  
  118  13:39  Queen  
  118  13:40  Drone x3  
  123  13:57  Pneumatized Carapace  
  123  14:02  Ravager  
  124  14:03  Ravager x12  
  124  14:04  Ravager x2  
  138  14:10  Zergling x8  
  138  14:11  Zergling x2  
  138  14:14  Overlord x3  
  143  14:19  Extractor  
  143  14:20  Extractor  
  143  14:21  Drone x3  
  144  14:25  Zergling x2  
  144  14:26  Zergling x8  
  144  14:31  Centrifical Hooks  
  149  14:44  Drone  
  150  14:56  Drone  
  150  14:58  Roach x3  
  157  15:04  Zergling x10  
  162  15:08  Zergling x2  
  162  15:09  Zergling x10  
  168  15:29  Spire  
  168  15:30  Spire  
  168  15:34  Infestation Pit  
  165  15:47  Overlord x3  
  167  15:50  Roach x3  
  41  16:43  Mutalisk  
  41  16:44  Mutalisk x2  
  41  16:46  Mutalisk x3  
  45  17:00  Mutalisk x3  
  45  17:07  Mutalisk  
  45  17:08  Mutalisk x2  
Tags
 
Add a new tag
Caveats
  • Supply blocks, unpowered buildings, or Contaminate may cause inaccurate times.
  • Supply counts are checked every 10 seconds.